 Dungeon Crawl Stone Soup version 0.23-a0-671-g42e8185 (webtiles) character file.

5338 JeffiDaFish the Fighter (level 10, -3/68 HPs)
             Began as a Gargoyle Fighter on Jan 9, 2019.
             Was a Follower of Okawaru.
             Slain by quoriil's ghost (10 damage)
             ... on level 8 of the Dungeon.
             The game lasted 00:19:16 (9296 turns).

JeffiDaFish the Fighter (Gargoyle Fighter)          Turns: 9296, Time: 00:19:16

Health: -3/68      AC: 22    Str: 28    XL:     10   Next: 65%
Magic:  10/10      EV:  7    Int:  9    God:    Okawaru [*.....]
Gold:   495        SH: 12    Dex: 13    Spells: 9/9 levels left

rFire    . . .     SeeInvis .   a - +1 flail
rCold    . . .     Gourm    .   c - +0 shield
rNeg     + + .     Faith    .   B - +0 chain mail
rPois    ∞         Spirit   .   A - +0 helmet
rElec    +         Reflect  .   d - +0 cloak
rCorr    .         Harm     .   e - +0 pair of gloves
MR       .....                  (no boots)
Stlth    ..........             l - amulet of regeneration
HPRegen  0.61/turn              t - +4 ring of dexterity
MPRegen  0.12/turn              i - ring of positive energy

@: mighty
A: negative energy resistance 1, electricity resistance, unbreathing,
petrification resistance, rot immunity, AC +7
a: Heroism, Renounce Religion


You were on level 8 of the Dungeon.
You worshipped Okawaru.
Okawaru was aware of your devotion.
You were hungry.

You visited 2 branches of the dungeon, and saw 11 of its levels.

You collected 495 gold pieces.

Inventory:

Hand Weapons
 a - a +1 flail (weapon)
Armour
 b - a +0 scale mail
 c - a +0 shield (worn)
 d - a +0 cloak (worn)
 e - a +0 pair of gloves (worn)
 A - a +0 helmet (worn)
 B - a +0 chain mail (worn)
Jewellery
 i - a ring of positive energy (right hand)
 l - an amulet of regeneration (around neck)
 t - a +4 ring of dexterity (left hand)
Wands
 o - a wand of scattershot (3)
Scrolls
 g - 5 scrolls of teleportation
 j - 8 scrolls of remove curse
 k - a scroll of fear
 n - 6 scrolls of identify
 p - 4 scrolls of magic mapping
 q - 3 scrolls of enchant weapon
Potions
 h - a potion of curing
 m - 3 potions of flight
 r - 2 potions of invisibility
 s - a potion of might
Comestibles
 f - 22 rations


   Skills:
 * Level 10.3 Fighting
 * Level 9.2 Maces & Flails
 + Level 7.6 Armour
 + Level 7.7 Shields


You had 9 spell levels left.
You didn't know any spells.
Your spell library contained the following spells:

 Spells                   Type           Power        Failure   Level  Hunger
 Flame Tongue             Conj/Fire      #....        99%         1    ##.....
 Throw Flame              Conj/Fire      #.....       100%        2    ###....
 Conjure Flame            Conj/Fire      #.......     100%        3    ####...
 Inner Flame              Hex/Fire       #.......     100%        3    ####...
 Sticky Flame             Conj/Fire      #.......     100%        4    #####..
 Fireball                 Conj/Fire      #.........   100%        5    ######.


Dungeon Overview and Level Annotations

Branches:
Dungeon (10/15)            Temple (1/1) D:5            Lair (0/6) D:9
    Orc: D:9-12

Altars:
Ashenzari
Cheibriados
Dithmenos
Elyvilon
Fedhas
Gozag
Hepliaklqana
Kikubaaqudgha
Makhleb
Nemelex Xobeh
Okawaru
Qazlal
Ru
Sif Muna
Trog
Uskayaw
Vehumet
Wu Jian
Xom
Yredelemnul
Zin
The Shining One

Portals:
Trove: D:10 (give 12 potions of heal wounds)

Annotations:
D:8 1 transporter, quoriil's ghost, novice TrCj
D:9 2 transporters, 100101001's ghost, journeyman GrBe


Innate Abilities, Weirdness & Mutations

You are resistant to torment.
Your stone body is resilient. (AC +7)
You are immune to poison.
You resist negative energy. (rN+)
You are resistant to electric shocks. (rElec)
You can survive without breathing.
You are immune to petrification.
You are immune to rotting.


Message History

You thump quoriil's ghost!
Quoriil's ghost is heavily damaged.
You block quoriil's ghost's attack.
Your shield and chain mail prevent you from hitting quoriil's ghost.
Quoriil's ghost is heavily damaged.
Quoriil's ghost hits you!
* * * LOW HITPOINT WARNING * * *
You sock quoriil's ghost!
Quoriil's ghost is severely damaged.
Quoriil's ghost hits you but does no damage.
You hit quoriil's ghost but do no damage.
Quoriil's ghost is severely damaged.
Quoriil's ghost wails, "What do you have that I didn't have?"
Quoriil's ghost gestures at you while chanting.
The magic dart hits you!
* * * LOW HITPOINT WARNING * * *
Your shield and chain mail prevent you from hitting quoriil's ghost.
Quoriil's ghost is severely damaged.
Quoriil's ghost hits you!
You die...

..>...##.##...#...##...##......._
......##.#?#.#.#.#.#.#.##.....#..
.........#y.#...#..#...#.....8###
......#.©#yy#%#.#.©#©..##....##
......##.#yy#...#..#.[####...#
......##.#y#.#y#.#.#.## #..##
......##.##.y.#y..##.# #.÷#
##.#####.####.#W####.# ##..##
##..####.##yy.#.@.##.# #....#
.##...##.###y###.###.# ###..##
......##..#########..# #...##
####....#).###.###..## #....##
..###.#............## ##....#
#..#....##.###.##.## #....#
##.....###.# #....# ##....
#..##...##.###..### ##...
#.##.....#.#...## #..#


You could see 2 killer bees and quoriil's ghost.

Vanquished Creatures
  A hornet (D:10)
  A hippogriff (D:8)
  A spriggan (D:8)
  A wraith (D:10)
  3 wyverns
  3 hungry ghosts
  A soldier ant (D:7)
  An orc warrior (D:10)
  2 sky beasts
  An ice beast (D:6)
  3 black bears
  4 ogres
  A phantom (D:7)
  2 centaurs (D:7)
  9 bullfrogs
  A gnoll sergeant (D:6)
  A water moccasin zombie (D:8)
  3 scorpions
  4 wights (D:6)
  2 howler monkeys (D:8)
  4 crimson imps
  2 bullfrog zombies
  The ghost of kylix the Ruffian, a weakling VSMo (D:6)
  A quasit (D:8)
  Crazy Yiuf (D:2)
  8 hounds
  2 orc priests
  8 orc wizards
  2 jellies
  6 worker ants
  An iguana (D:7)
  A hound zombie (D:7)
  A hound skeleton (D:7)
  A killer bee simulacrum (D:6)
  2 worker ant zombies (D:9)
  8 gnolls (D:6)
  9 adders
  2 shadow imps
  An ooze (D:2)
  An adder skeleton (D:6)
  An adder zombie (D:6)
  3 worms
  4 leopard geckos
  35 orcs
  10 bats
  7 giant cockroaches
  7 goblins
  3 hobgoblins
  16 jackals
  4 kobolds
  4 quokkas
  A frilled lizard (D:3)
  A leopard gecko skeleton (D:4)
  2 leopard gecko zombies
  6 rats
211 creatures vanquished.

Vanquished Creatures (others)
  A spectral adder (D:6)
1 creature vanquished.

Grand Total: 212 creatures vanquished

Notes
Turn   | Place    | Note
-------+----------+-------------------------------------------
     0 | D:1      | JeffiDaFish the Gargoyle Fighter began the quest for the
                  | Orb.
     0 | D:1      | Reached XP level 1. HP: 14/14 MP: 1/1
   548 | D:1      | Reached XP level 2. HP: 19/19 MP: 2/2
   963 | D:2      | Noticed a bullfrog
   968 | D:2      | Killed a bullfrog
   968 | D:2      | Reached skill level 4 in Fighting
   968 | D:2      | Reached XP level 3. HP: 16/24 MP: 3/3
   968 | D:2      | Reached XP level 4. HP: 20/29 MP: 4/4
  1375 | D:2      | Found a sparkling altar of Nemelex Xobeh.
  1611 | D:2      | Reached XP level 5. HP: 33/34 MP: 5/5
  1699 | D:2      | Found a runed door.
  1843 | D:2      | Noticed Crazy Yiuf
  1852 | D:2      | Killed Crazy Yiuf
  2089 | D:3      | Found a basalt altar of Yredelemnul.
  2346 | D:3      | Found a hide-covered altar of Uskayaw.
  2521 | D:3      | Found a snail-covered altar of Cheibriados.
  2553 | D:3      | Found a shimmering altar of Xom.
  2629 | D:3      | Noticed a +0 dagger
  2630 | D:3      | Noticed a +0 hand axe
  2724 | D:4      | Reached skill level 5 in Fighting
  2724 | D:4      | Reached XP level 6. HP: 25/40 MP: 6/6
  3298 | D:5      | Entered Level 5 of the Dungeon
  3310 | D:5      | Reached XP level 7. HP: 44/44 MP: 7/7
  3340 | D:5      | Found a staircase to the Ecumenical Temple.
  3405 | Temple   | Entered the Ecumenical Temple
  3647 | D:5      | Found a stormy altar of Qazlal.
  3648 | D:5      | Found a shadowy altar of Dithmenos.
  3648 | D:5      | Found an opulent altar of Gozag.
  4449 | D:5      | Identified the +1 ring mail of the Salmon {Str+4 Dex-4
                  | Stlth+} (You found it on level 5 of the Dungeon)
  4512 | D:6      | Reached skill level 6 in Fighting
  4512 | D:6      | Reached skill level 5 in Maces & Flails
  4512 | D:6      | Reached skill level 5 in Shields
  4546 | D:6      | Reached skill level 5 in Armour
  4577 | D:6      | Reached XP level 8. HP: 34/52 MP: 8/8
  4849 | D:6      | Found an ancient bone altar of Kikubaaqudgha.
  4852 | D:6      | Found a runed gate.
  4852 | D:6      | Found a runed gate.
  4852 | D:6      | Found a runed gate.
  4857 | D:6      | Noticed kylix's ghost (weakling VSMo)
  4889 | D:6      | Killed kylix's ghost
  4971 | D:6      | Reached skill level 7 in Fighting
  5107 | D:6      | Reached XP level 9. HP: 58/59 MP: 9/9
  5476 | D:6      | Reached skill level 8 in Fighting
  6278 | D:8      | Found a glowing golden altar of the Shining One.
  6313 | D:8      | Noticed a queen bee
  6318 | D:8      | Noticed quoriil's ghost (novice TrCj)
  6318 | D:8      | Noticed a hornet
  6323 | D:8      | Found a transporter.
  6328 | D:8      | Found a transporter.
  6437 | D:8      | Reached skill level 9 in Fighting
  6796 | D:8      | Reached XP level 10. HP: 65/66 MP: 10/10
  6926 | D:8      | Identified the +4 scale mail of Crawling {*Slow +Blink rF+}
                  | (You found it on level 8 of the Dungeon)
  7188 | D:9      | Found a staircase to the Lair.
  7312 | D:9      | Found a transporter.
  7320 | D:9      | Noticed 100101001's ghost (journeyman GrBe)
  7448 | D:9      | Found a radiant altar of Vehumet.
  7548 | D:9      | Found a radiant altar of Vehumet.
  7549 | D:9      | Found an iron altar of Okawaru.
  7651 | D:9      | Became a worshipper of Warmaster Okawaru
  7777 | D:9      | Found a transporter.
  7786 | D:9      | Found a burning altar of Makhleb.
  7874 | D:10     | Entered Level 10 of the Dungeon
  7987 | D:10     | Found a portal to a secret trove of treasure.
  8291 | D:10     | Reached skill level 10 in Fighting
  8793 | D:10     | Reached * piety under Okawaru
  9296 | D:8      | Slain by quoriil's ghost

Vault maps used:
D:1:      roderic_octagonal_star
D:2:      nemelex_altar_shiori, uniq_crazy_yiuf_cottage
D:3:      nicolae_overflow_crystal_walls, old_standard_altar,
          dancing_weapons_uskayaw, marbit_many_paths, first_ration,
          glass_columns_a, minmay_misc_feat_roman
D:5:      chequers_temple_overflow_statue_of_worship, minmay_temple_entry_wispy,
          grunt_decor_arrowhead
D:6:      kennysheep_mini_moat, gammafunk_ghost_necromancy, serial_column_ruins,
          column_ruins_circle_small, column_ruins_hut_pillars,
          column_ruins_open_small, column_ruins_grid_1, column_ruins_open_tiny,
          column_ruins_grid_1, column_ruins_open_small_water
D:8:      nicolae_tso_carved_into_rock, gammafunk_ghost_hive, the_bakery,
          minmay_diced_spiral
D:9:      lemuel_round_altar, gammafunk_temple_overflow_statue,
          lair_entry_dummy, basic_altar, gammafunk_ghost_stat_death
D:10:     nicolae_trove_entry_free_sample, columned_hall_lemuel,
          kennysheep_generic_room_8
Temple:   kb_temple_of_zot

Skill      XL: |  1  2  3  4  5  6  7  8  9 10 |
---------------+-------------------------------+-----
Fighting       | 4 5 6 7 9 10 | 10.3
Maces & Flails | 3 4 5 6 8 9 |  9.2
Armour         | 4 5 6 7 |  7.6
Shields        | 4 5 6 7 |  7.7

Action                   |  1- 3 |  4- 6 |  7- 9 | 10-12 || total
-------------------------+-------+-------+-------+-------++-------
Melee: Flail             |    48 |   271 |   478 |   247 ||  1044
  Use: Scroll            |     4 |     5 |     3 |     4 ||    16
       Potion            |     1 |     4 |       |     5 ||    10
  Eat: Chunk             |       |     8 |    12 |    10 ||    30
       Ration            |       |       |       |     1 ||     1
Armor: Scale mail        |    29 |   219 |   321 |    66 ||   635
       Chain mail        |       |       |       |    51 ||    51
Dodge: Dodged            |    18 |   106 |   163 |    56 ||   343
Block: Shield            |    32 |   171 |   325 |   102 ||   630

Table legend:
 A = Non-vault XP
 B = Vault XP
 C = Vault XP percentage of total XP
 D = Non-vault monster count
 E = Vault monster count
 F = Vault count percentage of total count
                 A         B        C        D         E       F
            +---------+---------+-------+---------+---------+-------
      Total |    7011 |     616 |   8.1 |     200 |      12 |   5.7
            +---------+---------+-------+---------+---------+-------
        D:1 |      24 |       0 |   0.0 |      14 |       0 |   0.0
        D:2 |     144 |      41 |  22.2 |      25 |       1 |   3.8
        D:3 |      25 |       2 |   7.4 |       9 |       1 |  10.0
        D:4 |     372 |       0 |   0.0 |      19 |       0 |   0.0
        D:5 |     293 |       0 |   0.0 |      12 |       0 |   0.0
        D:6 |    1444 |     232 |  13.8 |      40 |       7 |  14.9
        D:7 |    1190 |       0 |   0.0 |      24 |       0 |   0.0
        D:8 |     769 |     341 |  30.7 |      12 |       3 |  20.0
        D:9 |     699 |       0 |   0.0 |      14 |       0 |   0.0
       D:10 |    2051 |       0 |   0.0 |      31 |       0 |   0.0
            +---------+---------+-------+---------+---------+-------
